[Event "Titled Tuesday Blitz June 15 2021"]
[White "Estrada Nieto, Julian"]
[Black "Vlassov, Nikolai"]
[WhiteFideId "5101018"]
[BlackFideId "4103360"]
[WhiteElo "2270"]
[BlackElo "2407"]
[Result "0-1"]
[Round "06"]
[TimeControl "180+1"]
[Date "2021.06.15"]
[WhiteClock "0:00:04"]
[BlackClock "0:00:46"]

1. d4 Nf6 2. Nf3 e6 3. Bf4 c5 4. e3 d5 5. Nbd2 Nc6 6. c3 Bd6 7. Bg3 O-O 8. Bd3 Qe7 9. Qe2 e5 10. dxe5 Nxe5 11. Nxe5 Bxe5 12. Bxe5 Qxe5 13. Nf3 Qh5 14. c4 Bg4 15. O-O-O dxc4 16. Bxc4 a6 17. h3 Bxf3 18. gxf3 b5 19. Bd3 c4 20. Bc2 Nd5 21. Be4 Nb4 22. Bxa8 Rxa8 23. Kb1 Nd3 24. Rd2 g6 25. f4 Qf5 26. Ka1 Rd8 27. h4 h5 28. f3 Re8 29. Rhd1 Nxf4 30. Qf2 Nd3 31. Qe2 Qf6 32. e4 Qxh4 33. Qe3 Qf6 34. a3 Re5 35. Rxd3 cxd3 36. Rxd3 h4 37. f4 Rh5 38. e5 Qe7 39. Qh3 Qe6 40. Rd8+ Kg7 41. Qg2 h3 42. Qh2 Qg4 43. Rd6 Qg2 44. Rd2 Qxh2 45. Rxh2 g5 46. fxg5 Kg6 47. Kb1 Kxg5 48. Kc2 Kf4 49. e6 fxe6 50. Kd2 Kg3 51. Rh1 h2 0-1


[Site "https://www.chess.com"]

[Event "Titled Tuesday Blitz June 15 2021"]
[White "Fier, Alexandr"]
[Black "Niemann, Hans Moke"]
[WhiteFideId "2107139"]
[BlackFideId "2093596"]
[WhiteElo "2569"]
[BlackElo "2492"]
[Result "0-1"]
[Round "06"]
[TimeControl "180+1"]
[Date "2021.06.15"]
[WhiteClock "0:00:17"]
[BlackClock "0:00:03"]

1. d4 g6 2. e4 Bg7 3. Nc3 c6 4. Be3 d5 5. e5 Nh6 6. Qd2 Nf5 7. Bf4 f6 8. g4 Nh4 9. Bg3 fxe5 10. Bxh4 exd4 11. Nce2 Qb6 12. O-O-O Bxg4 13. f3 Bf5 14. Nxd4 c5 15. Bb5+ Bd7 16. Qe2 e5 17. Bxd7+ Nxd7 18. Nb3 c4 19. Rxd5 cxb3 20. axb3 Qc6 21. Qd3 Nc5 22. Qc4 Rc8 23. Ne2 b5 24. Qg4 Nxb3+ 25. Kb1 Qxc2+ 26. Ka2 O-O 27. Be7 Rfe8 28. Qe6+ Kh8 29. Rxe5 Nd2 30. Qd7 Qb3+ 31. Ka1 Bxe5 32. Nd4 Qc4 33. Ne6 Qa4+ 34. Ba3 Qxa3# 0-1


[Site "https://www.chess.com"]

[Event "Titled Tuesday Blitz June 15 2021"]
[White "Gormally, Daniel W"]
[Black "Paravyan, David"]
[WhiteFideId "406465"]
[BlackFideId "4194985"]
[WhiteElo "2543"]
[BlackElo "2562"]
[Result "1/2-1/2"]
[Round "06"]
[TimeControl "180+1"]
[Date "2021.06.15"]
[WhiteClock "0:00:20"]
[BlackClock "0:00:06"]

1. d4 d5 2. c4 e6 3. Nf3 Nf6 4. g3 dxc4 5. Bg2 c5 6. O-O Nc6 7. dxc5 Qxd1 8. Rxd1 Bxc5 9. Nbd2 c3 10. bxc3 O-O 11. Nb3 Be7 12. c4 Bd7 13. Be3 Rfc8 14. Rac1 Be8 15. Nfd4 Ng4 16. Nxc6 Bxc6 17. Bxc6 Rxc6 18. Rd7 Ba3 19. Rc3 b6 20. Nd4 Rd6 21. Rxd6 Bxd6 22. Nb5 Be7 23. Rd3 Nxe3 24. fxe3 Bc5 25. Kf2 h5 26. Rd7 a6 27. Nc3 Rc8 28. Ne4 f6 29. Rb7 Bf8 30. Nd2 Rc6 31. Nf3 e5 32. Nd2 Bb4 33. Ne4 Rxc4 34. Kf3 b5 35. Rb6 a5 36. Rxb5 Rc2 37. a3 Bxa3 38. Rxa5 Bf8 39. Ra7 Rc1 40. h3 Rf1+ 41. Kg2 Rb1 42. g4 hxg4 43. hxg4 Rb4 44. Kf3 Rc4 45. Ra8 Kf7 46. Ra7+ Ke6 47. Ra6+ Kd5 48. Ra5+ Bc5 49. Nxc5 Rxc5 50. Rxc5+ Kxc5 51. Ke4 g6 52. g5 fxg5 53. Kxe5 Kc6 54. Ke4 Kd6 55. Kf3 Ke5 56. Kg4 Ke4 57. Kxg5 Kxe3 58. Kxg6 Kxe2 1/2-1/2


[Site "https://www.chess.com"]

[Event "Titled Tuesday Blitz June 15 2021"]
[White "Goryachkina, Aleksandra"]
[Black "Karpov, Vadim"]
[WhiteFideId "4147103"]
[BlackFideId "4155025"]
[WhiteElo "2441"]
[BlackElo "2290"]
[Result "1-0"]
[Round "06"]
[TimeControl "180+1"]
[Date "2021.06.15"]
[WhiteClock "0:00:15"]
[BlackClock "0:00:03"]

1. e4 c6 2. d4 d5 3. e5 Bf5 4. Nf3 e6 5. Be2 Ne7 6. O-O Nd7 7. Nbd2 Bg6 8. Nb3 Nc8 9. a4 Be7 10. a5 a6 11. Ne1 O-O 12. Bd3 c5 13. Bxg6 hxg6 14. c3 Na7 15. Be3 Rc8 16. Qg4 Nb5 17. Nf3 Nb8 18. Bg5 cxd4 19. cxd4 Rc6 20. Bxe7 Qxe7 21. Ng5 f6 22. Nh3 g5 23. f4 Qb4 24. fxg5 Qxb3 25. gxf6 Qe3+ 26. Kh1 Qh6 27. Rf4 Nd7 28. Raf1 Nxd4 29. f7+ Rxf7 30. Rxf7 Nxe5 31. Rf8+ Kh7 32. Qxd4 Ng6 33. Qd3 Rc1 34. Rf2 Kg8 35. Rxc1 Qxc1+ 36. Rf1 Qh6 37. b4 Ne5 38. Qg3 Nc4 39. Ng5 1-0


[Site "https://www.chess.com"]

[Event "Titled Tuesday Blitz June 15 2021"]
[White "Gunina, Valentina"]
[Black "Andreikin, Dmitry"]
[WhiteFideId "4167570"]
[BlackFideId "4158814"]
[WhiteElo "2399"]
[BlackElo "2782"]
[Result "0-1"]
[Round "06"]
[TimeControl "180+1"]
[Date "2021.06.15"]
[WhiteClock "0:00:02"]
[BlackClock "0:00:21"]

1. d4 Nf6 2. c4 e6 3. Nf3 a6 4. g3 b5 5. c5 Bb7 6. Bg2 d6 7. cxd6 Bxd6 8. O-O O-O 9. Nc3 Nbd7 10. Bg5 c5 11. dxc5 Bxc5 12. Nd2 Bxg2 13. Kxg2 Be7 14. Rc1 h6 15. Bxf6 Nxf6 16. Nde4 Qa5 17. Qb3 Nd7 18. Rfd1 Rad8 19. a3 Ne5 20. Na2 Qb6 21. Qc3 Nc4 22. b3 Nxa3 23. Nb4 Bxb4 24. Qxb4 Nc2 25. Qc3 Nd4 26. e3 Ne2 27. Qc5 Qxc5 28. Nxc5 Nxc1 29. Rxc1 a5 30. Ra1 Ra8 31. Nb7 a4 32. bxa4 bxa4 33. Nd6 Rfb8 34. Nc4 Rb4 35. Na3 Rc8 36. Ra2 g5 37. Nc2 Rbc4 38. Na3 R4c5 39. Nb1 Rb8 40. Nd2 Rb4 41. Kf3 f5 42. h3 Kf7 43. g4 Kf6 44. gxf5 exf5 45. Kg3 h5 46. Nf3 h4+ 47. Kg2 Ra5 48. Nd4 Ra6 49. Nc2 Rb3 50. Nd4 Rc3 51. Nb5 Rd3 52. Na3 g4 53. Nc4 a3 54. e4 gxh3+ 55. Kh2 fxe4 56. Ne3 Rxe3 57. fxe3 Kg5 58. Kxh3 Kh5 59. Ra1 Kg5 60. Ra2 Ra5 61. Ra1 Kf5 62. Kxh4 a2 63. Kg3 Ra3 64. Kf2 Kg4 65. Rg1+ Kf5 66. Ra1 Ra4 67. Ke2 Kg4 68. Rg1+ Kh3 69. Ra1 Kg2 70. Ke1 Kf3 71. Kd2 Kf2 0-1


[Site "https://www.chess.com"]

[Event "Titled Tuesday Blitz June 15 2021"]
[White "Hansen, Eric"]
[Black "SpeedofLight0"]
[WhiteFideId "2606771"]
[WhiteElo "2568"]
[BlackElo "2838"]
[Result "1-0"]
[Round "06"]
[TimeControl "180+1"]
[Date "2021.06.15"]
[WhiteClock "0:00:28"]
[BlackClock "0:00:20"]

1. b3 c5 2. Bb2 Nf6 3. e3 Nc6 4. f4 g6 5. Bb5 Bg7 6. Bxc6 dxc6 7. Nf3 O-O 8. O-O Bg4 9. Qe1 Nd5 10. Bxg7 Kxg7 11. Ne5 Be6 12. d3 f6 13. Nf3 Bg4 14. Nbd2 Nb4 15. Qc1 Qd6 16. a3 Nd5 17. Re1 Qe6 18. h3 Bxf3 19. Nxf3 Qd6 20. Qb2 a5 21. Rad1 a4 22. c4 Nc7 23. bxa4 Rfb8 24. Qb3 Ne6 25. d4 cxd4 26. Nxd4 Nc5 27. Qb4 Na6 28. Qxd6 exd6 29. Ne6+ Kf7 30. Rxd6 Re8 31. f5 gxf5 32. Nd4 Nc5 33. Nxf5 Re5 34. Rf1 Ne4 35. Rd7+ Kg6 36. Rg7+ Kh5 37. g4# 1-0


[Site "https://www.chess.com"]

[Event "Titled Tuesday Blitz June 15 2021"]
[White "Har-Zvi, Ronen"]
[Black "Abdusattorov, Nodirbek"]
[WhiteFideId "2801485"]
[BlackFideId "14204118"]
[WhiteElo "2523"]
[BlackElo "2662"]
[Result "1-0"]
[Round "06"]
[TimeControl "180+1"]
[Date "2021.06.15"]
[WhiteClock "0:00:53"]
[BlackClock "0:01:06"]

1. Nf3 d5 2. d4 Nf6 3. c3 e6 4. Bf4 c5 5. e3 Nc6 6. Nbd2 Nh5 7. Bg5 f6 8. Bh4 g6 9. Bd3 Be7 10. O-O O-O 11. Re1 e5 12. c4 Nb4 13. Bf1 e4 14. a3 Na6 15. cxd5 exf3 16. Qxf3 Nc7 17. dxc5 Bxc5 18. Rac1 Be7 19. Bc4 Kh8 20. Ne4 Ne8 21. Ba2 Nd6 22. Nc5 Ng7 23. e4 b6 24. Ne6 Nxe6 25. dxe6 Bb7 26. Bd5 Rc8 27. Bxb7 Rxc1 28. Rxc1 Nxb7 29. e5 Nc5 30. Rd1 Qc8 31. exf6 Nxe6 32. Re1 1-0


[Site "https://www.chess.com"]

[Event "Titled Tuesday Blitz June 15 2021"]
[White "Harshavardhan G B"]
[Black "Murzin, Volodar"]
[WhiteFideId "25059009"]
[BlackFideId "44155573"]
[WhiteElo "1825"]
[BlackElo "2541"]
[Result "0-1"]
[Round "06"]
[TimeControl "180+1"]
[Date "2021.06.15"]
[WhiteClock "0:00:11"]
[BlackClock "0:00:07"]

1. d4 Nf6 2. c4 g6 3. Nc3 Bg7 4. e4 O-O 5. Nf3 d6 6. Be2 Nbd7 7. Nd2 e5 8. d5 a5 9. g4 Nc5 10. h4 a4 11. f3 c6 12. Nf1 Bd7 13. g5 Nh5 14. Be3 Qa5 15. Qd2 Nf4 16. Ng3 Qb4 17. Rd1 Nxe2 18. Ncxe2 Qxc4 19. dxc6 Bxc6 20. h5 Rfd8 21. hxg6 hxg6 22. Kf2 Ne6 23. Nc3 Nd4 24. Rh3 Rac8 25. Rdh1 b5 26. Rh7 b4 27. Nce2 Nxe2 28. Nxe2 Bb5 29. Ng3 Qc2 30. Ke1 Qxd2+ 31. Bxd2 b3 32. axb3 axb3 33. Nf5 gxf5 34. exf5 f6 35. g6 Bd3 36. Bh6 Bxh6 37. R1xh6 Bxf5 38. Rh8+ Kg7 39. R8h7+ Kf8 40. Rh8+ Ke7 41. R6h7+ Ke6 42. Rxd8 Rxd8 43. Rb7 Bxg6 44. Rxb3 e4 45. fxe4 Bxe4 46. Rb4 f5 47. Kd2 Ra8 48. Ke3 Ke5 49. Rb5+ d5 50. b4 f4+ 51. Kd2 Ra2+ 52. Kc3 Rc2+ 53. Kb3 Rc4 54. Rb8 f3 55. Rf8 Bf5 56. Re8+ Kf4 57. Re1 f2 58. Rf1 Ke3 59. b5 Bd3 60. b6 Rc6 61. b7 Rb6+ 62. Kc3 Bxf1 63. b8=Q Rxb8 64. Kc2 Bd3+ 65. Kc3 d4# 0-1


[Site "https://www.chess.com"]

[Event "Titled Tuesday Blitz June 15 2021"]
[White "Harutyunyan, Tigran K."]
[Black "Sjugirov, Sanan"]
[WhiteFideId "13303635"]
[BlackFideId "4189302"]
[WhiteElo "2444"]
[BlackElo "2472"]
[Result "0-1"]
[Round "06"]
[TimeControl "180+1"]
[Date "2021.06.15"]
[WhiteClock "0:00:00"]
[BlackClock "0:00:07"]

1. d4 Nf6 2. Nf3 d5 3. c4 e6 4. Nc3 c6 5. e3 Nbd7 6. b3 Bd6 7. Bb2 O-O 8. Be2 b6 9. O-O Bb7 10. Rc1 Qe7 11. Bd3 e5 12. dxe5 Nxe5 13. cxd5 Nfg4 14. h3 Nxf3+ 15. Qxf3 Ne5 16. Qe2 cxd5 17. Rfd1 Rad8 18. Nb5 Nxd3 19. Qxd3 Bc5 20. b4 Bd6 21. Nxd6 Rxd6 22. b5 Rg6 23. Qd4 Qg5 24. g3 Qf5 25. h4 Rg4 26. Qe5 Qf3 27. Rd4 Rg6 28. Rc7 Bc8 29. Qxd5 Qxd5 30. Rxd5 Be6 31. Rd4 Bxa2 32. Rxa7 Bb3 33. Rb7 h6 34. Ba3 Rc8 35. Bd6 Rc1+ 36. Kg2 Rb1 37. Rxb6 Kh7 38. Rb8 Ba4 39. b6 Bc6+ 40. e4 Re6 41. f3 f5 42. Rc8 Rxb6 43. Bc5 Ra6 44. exf5 Re2+ 45. Kh3 Bxf3 46. Rdd8 Bg2+ 47. Kh2 Bf3+ 48. Kh3 Bg2+ 49. Kh2 Bb7+ 50. Kh3 Bxc8 51. Rxc8 Rc2 52. f6 Rxf6 53. Rc7 Rf5 54. Bd6 Rxc7 55. Bxc7 h5 56. Bf4 Rb5 57. Kg2 Kg6 58. Kf3 Kf5 59. Bg5 Rb3+ 60. Be3 g6 61. Kf2 Ke4 62. Bf4 Rb2+ 63. Kf1 Kf3 0-1


[Site "https://www.chess.com"]

[Event "Titled Tuesday Blitz June 15 2021"]
[White "Javakhadze, Zurab"]
[Black "Navalgund, Niranjan"]
[WhiteFideId "13603647"]
[BlackFideId "5030854"]
[WhiteElo "2381"]
[BlackElo "2290"]
[Result "1-0"]
[Round "06"]
[TimeControl "180+1"]
[Date "2021.06.15"]
[WhiteClock "0:00:50"]
[BlackClock "0:00:20"]

1. c4 e5 2. Nc3 Nc6 3. g3 f5 4. Bg2 Nf6 5. Nf3 e4 6. Ng5 Bc5 7. O-O O-O 8. d3 exd3 9. Qxd3 d6 10. Bd5+ Nxd5 11. Qxd5+ Kh8 12. Nf7+ Rxf7 13. Qxf7 Ne5 14. Qh5 Be6 15. b3 Ng4 16. Qg5 Qf8 17. Bb2 h6 18. Qf4 Kh7 19. Na4 Bb6 20. Nxb6 axb6 21. a4 Rd8 22. Rad1 Qe7 23. e4 Qf7 24. exf5 Qxf5 25. Qxf5+ Bxf5 26. Rfe1 Bc2 27. Rc1 Bxb3 28. Re7 Rg8 29. Rxc7 Bxa4 30. Rxb7 Kg6 31. Rxb6 Rf8 32. Rxd6+ Kh5 33. f4 Re8 34. h3 Ne3 35. Bxg7 Nf5 36. g4+ Kh4 37. gxf5 Kg3 38. Be5 h5 39. Rc3+ Kh4 40. Bf6# 1-0


[Site "https://www.chess.com"]

[Event "Titled Tuesday Blitz June 15 2021"]
[White "Jobava, Baadur"]
[Black "Shahade, Gregory"]
[WhiteFideId "13601520"]
[BlackFideId "2009064"]
[WhiteElo "2748"]
[BlackElo "2724"]
[Result "1-0"]
[Round "06"]
[TimeControl "180+1"]
[Date "2021.06.15"]
[WhiteClock "0:02:00"]
[BlackClock "0:00:29"]

1. e4 e5 2. Nf3 Nc6 3. d4 exd4 4. Nxd4 Nf6 5. Nxc6 bxc6 6. Bd3 d5 7. exd5 cxd5 8. O-O Be7 9. Re1 O-O 10. h3 c6 11. Nd2 Re8 12. Nf3 h6 13. b3 Bb7 14. Bb2 Nd7 15. c4 Bf6 16. Rxe8+ Qxe8 17. Bxf6 Nxf6 18. cxd5 cxd5 19. Qe1 Qxe1+ 20. Rxe1 Kf8 21. Rc1 Rc8 22. Rxc8+ Bxc8 23. Nd4 Bd7 24. f3 Ke7 25. Kf2 Kd6 26. Ke3 Kc5 27. a3 a5 28. g4 g6 29. h4 Ne8 30. g5 hxg5 31. hxg5 Nd6 32. b4+ axb4 33. Nb3+ Kb6 34. axb4 Bb5 35. Bb1 Bc4 36. Nd4 Nb5 37. f4 Nxd4 38. Kxd4 Kb5 39. Bxg6 fxg6 40. f5 gxf5 41. g6 1-0


[Site "https://www.chess.com"]

[Event "Titled Tuesday Blitz June 15 2021"]
[White "Kamsky, Gata"]
[Black "Durarbayli, Vasif"]
[WhiteFideId "2000024"]
[BlackFideId "13402935"]
[WhiteElo "2644"]
[BlackElo "2500"]
[Result "1-0"]
[Round "06"]
[TimeControl "180+1"]
[Date "2021.06.15"]
[WhiteClock "0:00:31"]
[BlackClock "0:00:03"]

1. d4 Nf6 2. Nf3 e6 3. Bf4 d5 4. e3 Bd6 5. Bg3 c5 6. c4 cxd4 7. Nxd4 O-O 8. Nc3 Nc6 9. cxd5 Nxd5 10. Nxc6 bxc6 11. Bxd6 Qxd6 12. Qd2 Rb8 13. Rc1 Rd8 14. Be2 Qe7 15. O-O Nb4 16. Qe1 Nd3 17. Bxd3 Rxd3 18. Qe2 Ba6 19. Qc2 c5 20. b3 c4 21. bxc4 Bxc4 22. Ne4 Bb5 23. a4 Ba6 24. Nc5 Rc8 25. Nxd3 Rxc2 26. Rxc2 g5 27. Rc3 Qa3 28. Rxa3 1-0


[Site "https://www.chess.com"]

[Event "Titled Tuesday Blitz June 15 2021"]
[White "Khanin, Semen"]
[Black "Skatchkov, Pavel"]
[WhiteFideId "4111990"]
[BlackFideId "4121848"]
[WhiteElo "2521"]
[BlackElo "2476"]
[Result "1-0"]
[Round "06"]
[TimeControl "180+1"]
[Date "2021.06.15"]
[WhiteClock "0:00:43"]
[BlackClock "0:00:17"]

1. d4 Nf6 2. c4 e6 3. Nf3 b6 4. g3 Bb7 5. Bg2 Be7 6. O-O O-O 7. Re1 Na6 8. Nc3 Ne4 9. Bd2 Bf6 10. Rc1 d5 11. cxd5 exd5 12. Bf4 c5 13. Qa4 Nc7 14. Red1 Ne6 15. Nxe4 dxe4 16. dxc5 Qe8 17. Qxe8 Raxe8 18. Ne5 Nxc5 19. Nd7 Nxd7 20. Rxd7 Bc8 21. Rxa7 Bxb2 22. Rb1 Rd8 23. Bxe4 Bd4 24. Bc7 Rd7 25. e3 Bc5 26. Bxb6 Rxa7 27. Bxc5 Be6 1-0


[Site "https://www.chess.com"]

[Event "Titled Tuesday Blitz June 15 2021"]
[White "Kim, Sergey"]
[Black "Shapkin, Anatoliy"]
[WhiteFideId "13700570"]
[BlackFideId "34108332"]
[WhiteElo "2492"]
[BlackElo "2223"]
[Result "0-1"]
[Round "06"]
[TimeControl "180+1"]
[Date "2021.06.15"]
[WhiteClock "0:00:04"]
[BlackClock "0:00:21"]

1. d4 Nf6 2. c4 c5 3. d5 b5 4. cxb5 a6 5. b6 g6 6. Nc3 d6 7. e4 Nbd7 8. Nf3 Bg7 9. Be2 O-O 10. O-O Nxb6 11. a4 a5 12. Ra3 Ne8 13. Qc2 Nc7 14. Bg5 Ba6 15. Bxa6 Nxa6 16. Nb5 Qd7 17. Re3 Nb4 18. Qd1 Nc4 19. Re2 Nxb2 20. Qb3 N2d3 21. Rd1 Rfc8 22. Qc4 Nb2 23. Rxb2 Bxb2 24. e5 dxe5 25. d6 e6 26. Bf6 Nd5 27. Bxe5 Bxe5 28. Nxe5 Qd8 29. h4 Ra6 30. Qe4 Rxd6 31. Nxd6 Qxd6 32. h5 Nc3 33. Rxd6 Nxe4 34. Rd7 c4 35. Nxf7 c3 36. Nh6+ Kf8 37. Rxh7 Ke8 38. hxg6 Nf6 0-1


[Site "https://www.chess.com"]

[Event "Titled Tuesday Blitz June 15 2021"]
[White "Kollars, Dmitrij"]
[Black "Balakrishnan, Praveen"]
[WhiteFideId "12909572"]
[BlackFideId "2064871"]
[WhiteElo "2576"]
[BlackElo "2237"]
[Result "1/2-1/2"]
[Round "06"]
[TimeControl "180+1"]
[Date "2021.06.15"]
[WhiteClock "0:00:03"]
[BlackClock "0:00:08"]

1. c4 g6 2. d4 Bg7 3. Nc3 c5 4. d5 Bxc3+ 5. bxc3 f5 6. e4 fxe4 7. f3 Nf6 8. fxe4 d6 9. e5 dxe5 10. Nf3 e4 11. Ng5 Qd6 12. g3 h6 13. Nh3 g5 14. Nf2 Nbd7 15. Bg2 Ne5 16. O-O O-O 17. Nxe4 Nxe4 18. Rxf8+ Kxf8 19. Bxe4 Bg4 20. Qb3 Kg7 21. Be3 Rf8 22. Qxb7 Nxc4 23. Bf2 Qf6 24. Bxc5 Qxc3 25. Rb1 Nd2 26. Qxa7 Kg8 27. Bh7+ Kxh7 28. Qxe7+ Kg6 29. Qxf8 Nxb1 30. Qe8+ Kg7 31. Qe7+ Kg6 32. Qe8+ Kg7 33. Bf8+ Kf6 34. Qe7+ Kg6 35. Qe8+ Kf6 36. Qe7+ Kg6 37. Qe8+ Kf6 1/2-1/2


[Site "https://www.chess.com"]

[Event "Titled Tuesday Blitz June 15 2021"]
[White "Kovalev, Vladislav"]
[Black "Bologan, Victor"]
[WhiteFideId "13504398"]
[BlackFideId "13900048"]
[WhiteElo "2573"]
[BlackElo "2511"]
[Result "1-0"]
[Round "06"]
[TimeControl "180+1"]
[Date "2021.06.15"]
[WhiteClock "0:00:21"]
[BlackClock "0:00:34"]

1. e4 d6 2. d4 Nf6 3. Nc3 e5 4. Nf3 Nbd7 5. Bc4 Be7 6. O-O O-O 7. a4 c6 8. Re1 h6 9. h3 Re8 10. b3 Bf8 11. Bb2 b6 12. Bd3 a6 13. Ne2 Bb7 14. Ng3 g6 15. Qd2 Bg7 16. Rad1 Qc7 17. Bf1 Rad8 18. c3 Nf8 19. Qc2 Ne6 20. b4 Nf4 21. Bc1 N6h5 22. Nxh5 Nxh5 23. dxe5 dxe5 24. Be3 Nf6 25. Nd2 c5 26. bxc5 bxc5 27. Bc4 Bf8 28. Rb1 Rb8 29. Qa2 Bxe4 30. Nxe4 Nxe4 31. Qc2 Qc6 32. Rxb8 Rxb8 33. Rd1 Nd6 34. Qxg6+ Kh8 35. Qf6+ Kg8 36. Bxf7+ Nxf7 37. Qxc6 1-0


[Site "https://www.chess.com"]

[Event "Titled Tuesday Blitz June 15 2021"]
[White "Kukhmazov, Arsen"]
[Black "Iskusnyh, Sergei"]
[WhiteFideId "24108260"]
[BlackFideId "4120027"]
[WhiteElo "2453"]
[BlackElo "2492"]
[Result "1-0"]
[Round "06"]
[TimeControl "180+1"]
[Date "2021.06.15"]
[WhiteClock "0:00:05"]
[BlackClock "0:00:03"]

1. d4 d5 2. c4 e6 3. Nc3 dxc4 4. e4 c5 5. d5 Nf6 6. Bxc4 exd5 7. Nxd5 Be6 8. Bg5 Be7 9. Nxf6+ Bxf6 10. Qxd8+ Bxd8 11. Bxe6 fxe6 12. Bxd8 Kxd8 13. O-O-O Ke7 14. f4 Nc6 15. Nf3 Rad8 16. a3 Rhf8 17. g3 e5 18. f5 g6 19. g4 gxf5 20. exf5 Kf6 21. Rhe1 Rxd1+ 22. Rxd1 Nd4 23. Nd2 Kg5 24. h3 Kh4 25. Rh1 Kg3 26. Ne4+ Kg2 27. Re1 Kxh3 28. f6 Kxg4 29. Kb1 Kf4 30. Nxc5 Nf3 31. Re4+ Kf5 32. Re3 Ng5 33. Nd7 Rf7 34. Rxe5+ Kg6 35. Rd5 Nf3 36. Kc2 h5 37. Kd1 Rh7 38. Ke2 Ng5 39. Nf8+ Kxf6 40. Nxh7+ Nxh7 41. Rxh5 1-0


[Site "https://www.chess.com"]

[Event "Titled Tuesday Blitz June 15 2021"]
[White "Lazavik, Denis"]
[Black "Ozen, Bahadir"]
[WhiteFideId "13515110"]
[BlackFideId "6337058"]
[WhiteElo "2436"]
[BlackElo "2503"]
[Result "1/2-1/2"]
[Round "06"]
[TimeControl "180+1"]
[Date "2021.06.15"]
[WhiteClock "0:00:09"]
[BlackClock "0:00:07"]

1. d4 Nf6 2. c4 e6 3. Nf3 Bb4+ 4. Bd2 Bxd2+ 5. Qxd2 O-O 6. g3 d6 7. Bg2 Nc6 8. d5 Ne5 9. Nxe5 dxe5 10. Nc3 exd5 11. cxd5 Ne8 12. O-O Nd6 13. e4 Bd7 14. f4 Qe7 15. f5 f6 16. g4 g5 17. h4 h6 18. Rf3 Kg7 19. Kf2 b5 20. Rh3 Nf7 21. Rah1 Rh8 22. Ne2 Qc5+ 23. Qe3 Qxe3+ 24. Kxe3 Rac8 25. Ng3 Nd6 26. b3 a5 27. Nh5+ Kf7 28. Nxf6 Kxf6 29. hxg5+ Kxg5 30. Rh5+ Kf6 31. g5+ Kg7 32. Bh3 hxg5 33. f6+ Kxf6 34. Bxd7 Rxh5 35. Rxh5 Rd8 36. Be6 a4 37. Rh7 axb3 38. axb3 Ra8 39. Rxc7 Ra3 40. Rc3 b4 41. Rd3 Nb5 42. Bg4 Nd4 43. d6 Rxb3 44. d7 Ke7 45. Rxb3 Nxb3 46. Kd3 Nd4 47. Kc4 b3 48. Kc3 Kd8 49. Kb2 Kc7 50. Kc3 Nc6 51. Kxb3 Nb8 52. Kc4 Nxd7 53. Kd5 Nf6+ 54. Kxe5 Nxg4+ 55. Kf5 Ne3+ 56. Kxg5 Kd7 57. Kf4 Nc4 58. Kf5 Nd6+ 59. Ke5 Nc4+ 60. Kd4 Nd6 61. e5 Ke6 62. exd6 Kxd6 1/2-1/2


[Site "https://www.chess.com"]

[Event "Titled Tuesday Blitz June 15 2021"]
[White "Le, Tuan Minh"]
[Black "Colas, Joshua"]
[WhiteFideId "12401153"]
[BlackFideId "2044447"]
[WhiteElo "2450"]
[BlackElo "2347"]
[Result "0-1"]
[Round "06"]
[TimeControl "180+1"]
[Date "2021.06.15"]
[WhiteClock "0:00:21"]
[BlackClock "0:00:14"]

1. d4 d5 2. Nf3 Nf6 3. Bf4 e6 4. e3 Bd6 5. Nbd2 O-O 6. c3 Bxf4 7. exf4 b6 8. Bd3 Ba6 9. Bxa6 Nxa6 10. O-O c5 11. Re1 c4 12. Nf1 b5 13. a3 Nc7 14. Ne3 a5 15. f5 exf5 16. Nxf5 Qd7 17. Ne3 Ra6 18. Ne5 Qd8 19. Qf3 Re6 20. Nf5 g6 21. Ne3 Kg7 22. h3 Rfe8 23. Re2 R8e7 24. Qg3 Kh8 25. Qf4 Nh5 26. Nxf7+ Rxf7 27. Qxf7 Rf6 28. Qxc7 Qxc7 29. Nxd5 Qd6 30. Nxf6 Qxf6 31. g3 Ng7 32. Rae1 h5 33. Re5 h4 34. g4 b4 35. axb4 axb4 36. cxb4 Qf3 37. R1e3 Qd1+ 38. Kg2 Qxd4 39. Rc5 Kh7 40. Rc7 Kh6 41. Ree7 Ne6 42. Rcd7 Qe4+ 43. Kg1 Qb1+ 44. Kh2 Ng5 45. Kg2 Qxb2 46. Rd8 Qc3 47. Re3 Qxb4 48. Rh8+ Kg7 49. Rhe8 Qb7+ 50. Kf1 Qh1+ 51. Ke2 Nxh3 52. R3e7+ Kh6 53. Ke3 Qe1+ 54. Kd4 Qxf2+ 55. Kxc4 Qf1+ 56. Kd5 Qd1+ 57. Ke5 Qxg4 58. Rh8+ Kg5 59. Rhh7 Qe2+ 60. Kd6 Qd3+ 61. Kc7 Nf4 62. Rd7 Qc4+ 63. Kd6 Qd5+ 64. Kc7 Qc5+ 65. Kb7 h3 66. Rc7 Qxc7+ 67. Kxc7 Nh5 0-1


[Site "https://www.chess.com"]

[Event "Titled Tuesday Blitz June 15 2021"]
[White "Levitskiy, Andrey"]
[Black "Toncheva, Nadya"]
[WhiteFideId "14132885"]
[BlackFideId "2924056"]
[WhiteElo "2323"]
[BlackElo "1920"]
[Result "1-0"]
[Round "06"]
[TimeControl "180+1"]
[Date "2021.06.15"]
[WhiteClock "0:00:19"]
[BlackClock "0:00:02"]

1. e4 c5 2. Nf3 Nc6 3. d4 cxd4 4. Nxd4 g6 5. c4 Bg7 6. Be3 Nf6 7. Nc3 O-O 8. Be2 d6 9. O-O Bd7 10. Nc2 a6 11. Qd2 Rc8 12. Rac1 Ne5 13. b3 Nfg4 14. Bd4 Bc6 15. f4 Bh6 16. Qd1 Nf6 17. fxe5 dxe5 18. Be3 Bxe3+ 19. Nxe3 Qb6 20. c5 Qxc5 21. Nd5 Qa7 22. Kh1 Nxe4 23. Nxe7+ Kh8 24. Nxc8 Qxe3 25. Ne7 Nf2+ 26. Rxf2 Qxf2 27. Nxc6 bxc6 28. Qf1 Qb6 29. Qf6+ Kg8 30. Bc4 Qe3 31. Rf1 Qa7 32. Qxe5 Qd7 33. h3 h5 34. a4 Qb7 35. Qf6 Qd7 36. Qxg6+ 1-0


[Site "https://www.chess.com"]

[Event "Titled Tuesday Blitz June 15 2021"]
[White "Liang, Jason"]
[Black "Reprintsev, Alexander"]
[WhiteFideId "30940303"]
[BlackFideId "14100541"]
[WhiteElo "1976"]
[BlackElo "2126"]
[Result "1-0"]
[Round "06"]
[TimeControl "180+1"]
[Date "2021.06.15"]
[WhiteClock "0:01:33"]
[BlackClock "0:01:22"]

1. d3 f5 2. e4 d6 3. Nf3 Nc6 4. Nc3 Nf6 5. exf5 Bxf5 6. d4 e5 7. Bb5 exd4 8. Nxd4 Qe7+ 9. Be3 Bd7 10. O-O Nxd4 11. Bxd4 O-O-O 12. Re1 Qf7 13. Bxa7 Bxb5 14. Nxb5 Qc4 15. a4 d5 16. Bd4 c6 17. b3 Qb4 18. c3 Qa5 19. b4 Qa6 20. Na7+ Kb8 21. b5 cxb5 22. axb5 1-0


[Site "https://www.chess.com"]

[Event "Titled Tuesday Blitz June 15 2021"]
[White "Loy, Konstantin"]
[Black "Vazquez, Facundo"]
[WhiteFideId "14122499"]
[BlackFideId "3007669"]
[WhiteElo "2084"]
[BlackElo "1984"]
[Result "0-1"]
[Round "06"]
[TimeControl "180+1"]
[Date "2021.06.15"]
[WhiteClock "0:00:03"]
[BlackClock "0:01:05"]

1. e4 c5 2. Nf3 Nc6 3. Nc3 Nf6 4. d4 cxd4 5. Nxd4 e5 6. Ndb5 d6 7. Bg5 a6 8. Na3 b5 9. Nd5 Be7 10. Bxf6 Bxf6 11. c4 b4 12. Nc2 O-O 13. g3 Bg5 14. Bg2 Be6 15. O-O Rb8 16. b3 Qd7 17. f4 Bd8 18. Nce3 Bxd5 19. Nxd5 Ne7 20. fxe5 Nxd5 21. Qxd5 Qa7+ 22. Kh1 dxe5 23. Rad1 Bf6 24. Qd3 Rbd8 25. Qe2 Rd4 26. Rxd4 Qxd4 27. Rd1 Qc3 28. Qd3 Bg5 29. h4 Be3 30. Kh2 Bd4 31. Qe2 Rd8 32. Rd3 Qxd3 33. Qxd3 Bg1+ 34. Kxg1 Rxd3 35. Bf1 Rd1 36. Kf2 Rd2+ 37. Ke3 Rxa2 38. c5 Ra5 39. c6 Rc5 40. Bxa6 Rxc6 41. Bc4 Rc5 42. Kd3 Kf8 43. Ke3 Ke7 44. Kd3 g6 45. Ke3 f5 46. exf5 gxf5 47. Kd3 Kd6 48. Ke3 Rxc4 49. bxc4 Kc5 50. Kd3 e4+ 51. Ke3 Kxc4 0-1


[Site "https://www.chess.com"]

[Event "Titled Tuesday Blitz June 15 2021"]
[White "Madaminov, Mukhiddin"]
[Black "Makhmudov, Shukhrat"]
[WhiteFideId "14210703"]
[BlackFideId "14200775"]
[WhiteElo "1747"]
[BlackElo "2135"]
[Result "1-0"]
[Round "06"]
[TimeControl "180+1"]
[Date "2021.06.15"]
[WhiteClock "0:00:42"]
[BlackClock "0:00:04"]

1. e4 e5 2. Nf3 Nc6 3. Bb5 a6 4. Ba4 Nf6 5. d3 b5 6. Bb3 Be7 7. c3 d6 8. h3 Na5 9. Bc2 c5 10. O-O Qc7 11. d4 O-O 12. Re1 cxd4 13. cxd4 exd4 14. Nxd4 Rd8 15. Nc3 Bb7 16. Nf5 Bf8 17. Bg5 Rac8 18. Bxf6 gxf6 19. Qg4+ Kh8 20. Qh4 Bg7 21. Re3 Rg8 22. Rg3 Qd8 23. Nxd6 Rc7 24. Rd1 Rd7 25. e5 h6 26. Bf5 Qe7 27. Nxf7+ Qxf7 28. Rxd7 Qf8 29. Qxh6+ 1-0


[Site "https://www.chess.com"]